[Event "*** Titled Tuesday Blitz"]
[Site "Chess.com"]
[Date "2020.11.03"]
[Round "1"]
[White "oskariot"]
[Black "Bastiandash"]
[Result "1-0"]
[WhiteElo "2713"]
[BlackElo "2364"]
[TimeControl "180+1"]
[EndTime "10:07:17 PST"]
[Termination "oskariot won on time"]

1. e4 c6 2. d4 d5 3. Nd2 dxe4 4. Nxe4 Nf6 5. Nxf6+ exf6 6. Bc4 Be7 7. c3 O-O 8.
Nf3 a5 9. O-O Na6 10. Re1 Nc7 11. Bf4 Nd5 12. Bg3 Be6 13. Qd2 Bd6 14. Re2 Qc7 15.
Rae1 b5 16. Bd3 Nf4 17. Bxf4 Bxf4 18. Qc2 g6 19. c4 Qd7 20. d5 cxd5 21. cxb5 Rfc8 22.
Qa4 Bd6 23. Nd4 Bg4 24. Re3 Bb4 25. Rf1 Bd2 26. Nc6 Bxe3 27. fxe3 Kg7 28. Qd4 Rxc6 29.
bxc6 Qxc6 30. Qxg4 Re8 31. Qd4 Re5 32. h3 h5 33. b3 Qc8 34. a3 Qb7 35. b4 axb4 36. axb4 Re6 37. b5 Re5 38. Rc1 Re6 39. Rb1 Rb6 40.
Qc5 Re6 41. b6 d4 42. exd4 Qb8 43. d5 Re8 44. b7 Qg3 45. Bf1 Re3 46. b8=Q 1-0

[Event "*** Titled Tuesday Blitz"]
[Site "Chess.com"]
[Date "2020.11.03"]
[Round "1"]
[White "pavelalexandru07"]
[Black "Aygehovit1992"]
[Result "1/2-1/2"]
[WhiteElo "2326"]
[BlackElo "2631"]
[TimeControl "180+1"]
[EndTime "10:07:17 PST"]
[Termination "Game drawn by repetition"]

1. e4 c5 2. Nf3 d6 3. d4 cxd4 4.
Nxd4 Nf6 5. Nc3 g6 6. Be3 Bg7 7. Bc4 O-O 8. f3 Nc6 9. Qd2 Bd7 10. g4 Ne5 11. Bb3 b5 12. h4 a5 13.
a4 bxa4 14. Nxa4 Rc8 15. h5 Nc4 16. Bxc4 Rxc4 17. b3 Rc8 18. Bh6 Bh8 19. Bxf8 Qxf8 20. Nb6 Rc5 21. Rxa5 Rxa5 22. Qxa5 Be8 23. hxg6 fxg6 24.
c3 h5 25. gxh5 Nxh5 26. O-O Qf4 27. Ne2 Qe3+ 28. Rf2 Be5 29. Nd5 Qg5+ 30. Kf1 Qh4 31. Rg2 Bd7 32. Qd8+ Kf7 33. Qxd7 Qh1+ 34. Rg1 Qxf3+ 35.
Ke1 Qxe4 36. Qxe7+ Kg8 37. Qe6+ Kh7 38. Qf7+ Kh6 39.
Qf8+ Bg7 40. Qf7 Be5 41. Qf8+ Bg7 42. Qf7 Be5 1/2-1/2

[Event "*** Titled Tuesday Blitz"]
[Site "Chess.com"]
[Date "2020.11.03"]
[Round "1"]
[White "abykhovsky"]
[Black "ErikRonka"]
[Result "1-0"]
[WhiteElo "2748"]
[BlackElo "2380"]
[TimeControl "180+1"]
[EndTime "10:07:19 PST"]
[Termination "abykhovsky won by resignation"]

1. Nf3 d5 2. g3 Nf6 3. Bg2 Bg4 4. O-O Nbd7 5. d4 e6 6. Nbd2 Bd6 7. Re1 O-O 8. e4 dxe4 9. Nxe4 Nxe4 10. Rxe4 Bf5 11. Re1 c6 12. Nh4 Bg6 13. c3 Qc7 14. f4 c5 15. d5 Rad8 16. dxe6 Nf6 17. Qb3 b6 18. Nxg6 hxg6 19. exf7+ Rxf7 20. Be3 Kh7 21. Rad1 Rfd7 22. Bf3 c4 23. Qb5 Bc5 24. Bxc5 bxc5 25. Qxc4 Rd2 26. Rxd2 Rxd2 27. Re2 Rd1+ 28. Kg2 Qd6 29. Qe6 Qd3 30.
Qh3+ Kg8 31. Qc8+ Kh7 32. Qxc5 Qb1 33. Qxa7 Qd3 34. Qe3 Qb1 35. a4 Qa2 36. Rd2 Rb1 37.
b4 Qxa4 38. h4 Qa1 39. Qd4 Rc1 40. b5 Rxc3 41. b6 Qa3 42. Qf2 Qb3 43. Rb2 Rxf3 44. Rxb3 Rxf2+ 45. Kxf2 Ne4+ 46. Ke1 Nc5 47. b7 1-0

[Event "*** Titled Tuesday Blitz"]
[Site "Chess.com"]
[Date "2020.11.03"]
[Round "1"]
[White "Markov_Mikhail"]
[Black "jaskol95"]
[Result "1-0"]
[WhiteElo "2637"]
[BlackElo "2313"]
[TimeControl "180+1"]
[EndTime "10:07:19 PST"]
[Termination "Markov_Mikhail won by resignation"]

1. c4 g6 2. Nf3 Bg7 3. g3 c6 4. Bg2 Nf6 5. O-O d5 6. cxd5 cxd5 7. Nc3 O-O 8. d4 Ne4 9. e3 Nxc3 10. bxc3 Nc6 11. Nd2 e6 12. c4 dxc4 13. Nxc4 Qc7 14. Ba3 Rd8 15. Rc1 Bf8 16. Bxf8 Kxf8 17. Qa4 Bd7 18. Qa3+ Kg7 19. Ne5 a6 20. Rc5 Qd6 21.
Nxc6 Bxc6 22. Bxc6 bxc6 23. Rfc1 Rdc8 24. Qa4 Qd7 25. Rxc6 Rxc6 26. Qxc6 Qxc6 27. Rxc6 Kf8 28. a4 a5 29. Rc5 Ke7 30. f4 Kd6 31. Kg2 f5 32.
Kf3 h6 33. h3 Kd7 34. g4 Kd6 35. h4 h5 36. g5 Kd7 37. e4 fxe4+ 38. Kxe4 Kd6 39.
Rb5 Kd7 40. Ke5 Rf8 41. Rb7+ Kc6 42. Rg7 Rf5+ 43. Ke4 Kd6 44. Rxg6 Rf7 45. d5 Rb7 46. Rxe6+ Kc5 47. Rc6+ Kb4 48. d6 Kxa4 49. Rc7 Rb6 50. d7 Re6+ 51. Kf5 Rd6 52. Ke5 Rd3 53. Ke6 Re3+ 54. Kf7 Rd3 55. g6 Kb5 56. g7 Kb6 57.
g8=Q Kxc7 58. Qc8+ Kb6 59. d8=Q+ Rxd8 60. Qxd8+ Kb5 61. Ke6 a4 62. Kd5 a3 63. Qb8+ Ka6 64.
Kc4 a2 65. Qa8+ Kb6 66. Qxa2 1-0

[Event "*** Titled Tuesday Blitz"]
[Site "Chess.com"]
[Date "2020.11.03"]
[Round "1"]
[White "WiktoriaPOL"]
[Black "Misticpikachu"]
[Result "0-1"]
[WhiteElo "2080"]
[BlackElo "2504"]
[TimeControl "180+1"]
[EndTime "10:07:19 PST"]
[Termination "Misticpikachu won by resignation"]

1. c4 e6 2. Nc3 d5 3. d4 Nf6 4.
cxd5 exd5 5. Bg5 Be7 6. e3 O-O 7. Bd3 c6 8. Qc2 Nbd7 9. Nge2 Re8 10. O-O Nf8 11. Rae1 g6 12. f3 Ne6 13. Bh4 b5 14. Bf2 Bb7 15. a3 a5 16. e4 dxe4 17. Nxe4 Nd5 18.
Nc5 Nxc5 19. dxc5 Bc8 20. Nc3 Be6 21. Nxd5 Bxd5 22. Be4 Bf8 23. Rd1 Qd7 24. Bxd5 cxd5 25.
b4 axb4 26. axb4 Qc6 27. Qb3 Rad8 28. Bd4 Bg7 29. Bxg7 Kxg7 30. Rfe1 Re6 31. Qc3+ Kg8 32. Rxe6 Qxe6 33. Qd3 d4 34. Qxb5 d3 35. Qb6 Qe3+ 36.
Kh1 Re8 37. h3 d2 38. Qd6 Qe1+ 39. Rxe1 dxe1=Q+ 40. Kh2 Qxb4 41. Qd7 Qb8+ 42. g3 Re2+ 43. Kg1 Qb1+ 0-1

[Event "*** Titled Tuesday Blitz"]
[Site "Chess.com"]
[Date "2020.11.03"]
[Round "1"]
[White "PattyCastillo"]
[Black "SARGISMV"]
[Result "0-1"]
[WhiteElo "1914"]
[BlackElo "2481"]
[TimeControl "180+1"]
[EndTime "10:07:19 PST"]
[Termination "SARGISMV won on time"]

1. d4 e6 2. Nf3 c5 3. e3 Nf6 4.
Bd3 cxd4 5. exd4 b6 6. O-O Bb7 7. Nbd2 Be7 8. b3 O-O 9. Bb2 Nc6 10. a3 Rc8 11. Qe2 d6 12. Rac1 Rc7 13. Rfe1 Qa8 14. c4 Rd8 15. Ng5 h6 16. Nge4 Na5 17. d5 e5 18. Nxf6+ Bxf6 19. Ne4 Nxb3 20. Nxf6+ gxf6 21. Qg4+ Kf8 22. Rc3 Nc5 23. Bf5 Bc8 24. Bxc8 Qxc8 25.
Qh4 Ke7 26. Rf3 Nd7 27. Bxe5 dxe5 28. Rxe5+ Nxe5 29. Qxf6+ Kd7 30. Qxe5 Rf8 31. d6 Rxc4 32. Qe7+ Kc6 33. h4 Rd8 34. Rxf7 Rxd6 35. Rf6 Rxf6 36.
Qxf6+ Kb7 37. Qf7+ Qc7 38. Qd5+ Rc6 39. a4 a5 40. h5 Ka7 41. g3 Rc1+ 42. Kg2 Qb7 0-1

[Event "*** Titled Tuesday Blitz"]
[Site "Chess.com"]
[Date "2020.11.03"]
[Round "1"]
[White "Witik"]
[Black "VinzentSpitzl"]
[Result "0-1"]
[WhiteElo "2623"]
[BlackElo "2331"]
[TimeControl "180+1"]
[EndTime "10:07:20 PST"]
[Termination "VinzentSpitzl won on time"]

1. d4 d5 2. Bf4 Nf6 3. e3 c5 4.
c3 Nc6 5. Nd2 Bf5 6. Ngf3 Qb6 7.
Nh4 Bd7 8. Qb3 h6 9. Nhf3 c4 10. Qc2 g6 11. e4 Nxe4 12. Nxe4 dxe4 13. Nd2 Bg7 14. Bxc4 O-O 15. O-O Rac8 16. Qxe4 Bf5 17. Qe3 Qxb2 18. Rac1 b5 19. Rb1 Bxb1 20. Rxb1 Qa3 21.
Bxb5 a6 22. Bf1 Qxa2 23. Bxh6 e6 24. Bxg7 Kxg7 25. Re1 Ne7 26. Qe5+ Kg8 27. Ne4 Nd5 28. c4 Rxc4 29. Bxc4 Qxc4 30. h4 Qc7 31. Nf6+ Kh8 0-1

[Event "*** Titled Tuesday Blitz"]
[Site "Chess.com"]
[Date "2020.11.03"]
[Round "1"]
[White "Ariadna_Atreides"]
[Black "ShahMatKanal"]
[Result "0-1"]
[WhiteElo "2109"]
[BlackElo "2511"]
[TimeControl "180+1"]
[EndTime "10:07:21 PST"]
[Termination "ShahMatKanal won on time"]

1. d4 d5 2. Nf3 c5 3. e3 cxd4 4. exd4 Nc6 5. c3 g6 6. Bd3 Bg7 7. O-O Nf6 8. h3 O-O 9. Re1 Qc7 10. Bg5 h6 11. Bh4 Nh5 12. Qb3 Rd8 13. Bb5 g5 14.
Bxc6 bxc6 15. Nxg5 hxg5 16. Bxg5 Bf6 17. Bh6 Nf4 18. Nd2 Bf5 19. Re3 Kh7 20. Bxf4 Qxf4 21.
Nf3 Rab8 22. Qa3 Rb7 23. Rae1 e6 24. Qa6 Qc7 25. b3 Rg8 26. Qe2 Qf4 27. Ne5 Be4 28. g3 Qh6 29. Kh2 Rg7 30. Ng4 Rxg4 31.
Qxg4 Bf5 32. Qf3 Bxh3 33. Qf4 Bg5 34. Qe5 Bf5+ 35. Kg1 Be4 0-1

[Event "*** Titled Tuesday Blitz"]
[Site "Chess.com"]
[Date "2020.11.03"]
[Round "1"]
[White "Orange_Ghost"]
[Black "lolo9292"]
[Result "0-1"]
[WhiteElo "2810"]
[BlackElo "2430"]
[TimeControl "180+1"]
[EndTime "10:07:22 PST"]
[Termination "lolo9292 won by resignation"]

1. d4 Nf6 2. c4 g6 3. Nc3 d6 4. e4 Bg7 5. Be2 O-O 6. Be3 Na6 7. g4 c5 8. d5 e6 9. f3 Re8 10. Qd2 exd5 11. cxd5 Nc7 12. a4 a6 13. h4 Bd7 14. a5 Nb5 15. h5 Nd4 16. Bd1 Bxg4 17.
fxg4 Nxe4 18. Nxe4 Rxe4 19. Kf2 Qf6+ 20. Nf3 Rae8 21.
Bg5 Nxf3 22. Bxf3 Re2+ 23. Kg3 Rxd2 24. Bxf6 Bxf6 25. Rad1 Rxb2 26. hxg6 hxg6 27. Rb1 Re3 28.
Rxb2 Bxb2 29. Rb1 Rb3 30. Kg2 c4 31. Bd1 Rd3 32. Rxb2 Rxd1 33. Rxb7 Rxd5 34. Rc7 Rxa5 35. Rxc4 Rc5 36. Rb4 a5 37. Rb8+ Kg7 38. Kg3 a4 39.
Ra8 Rc4 40. g5 d5 41. Kf3 Rc3+ 42. Kf4 a3 43. Ke5 Rb3 44. Kxd5 Rb5+ 45. Ke4 Rf5 46. Rxa3 Rxg5 47. Kf4 Rf5+ 48. Ke4 Rb5 49. Ra6 g5 50. Rd6 f6 51. Rd8 Rb4+ 52. Kf5 Rf4+ 53. Ke6 Re4+ 54. Kf5 Re5+ 55. Kg4 Ra5 56. Kh5 Kf7 57. Rb8 Rf5 58. Rb7+ Ke6 59. Kg6 Rf4 60. Rb6+ Ke5 61. Rb5+ Ke4 62.
Rb4+ Kf3 63. Rb3+ Kg4 64. Rb1 Kh3 65. Rb3+ Kg2 66. Kh5 Rh4+ 67. Kg6 Rf4 68. Kh5 Rf3 69. Rb4 Rh3+ 70. Kg6 Rf3 71. Kh5 Kh3 72. Ra4 g4 73. Ra1 g3 74. Rf1 Rxf1 0-1

[Event "*** Titled Tuesday Blitz"]
[Site "Chess.com"]
[Date "2020.11.03"]
[Round "1"]
[White "tan275"]
[Black "boasovietica"]
[Result "1-0"]
[WhiteElo "2196"]
[BlackElo "2526"]
[TimeControl "180+1"]
[EndTime "10:07:22 PST"]
[Termination "tan275 won by resignation"]

1. d4 Nf6 2. c4 g6 3. g3 Bg7 4. Bg2 O-O 5. Nc3 c5 6. Nf3 Nc6 7. d5 Na5 8. Qd3 d6 9. O-O e5 10. dxe6 Bxe6 11. Nd2 Rb8 12. a4 Nc6 13. Nd5 Nxd5 14. cxd5 Nb4 15. Qb3 Bd7 16. Nc4 b5 17.
axb5 Bxb5 18. Rxa7 Re8 19. Bf4 Rxe2 20. Bxd6 Bxc4 21. Qxc4 Qxd6 22. Qxe2 Bd4 23. Qe7 Qxe7 24. Rxe7 Bxb2 25. d6 Rd8 26. d7 Kg7 27. Rd1 c4 28.
Re8 Bf6 29. Rxd8 Bxd8 30. Rb1 Nc2 31. Rb8 Bf6 32. d8=Q Bxd8 33. Rxd8 c3 34. Be4 Nb4 35.
Rc8 f5 36. Bb1 Kf6 37. Rxc3 1-0

[Event "*** Titled Tuesday Blitz"]
[Site "Chess.com"]
[Date "2020.11.03"]
[Round "1"]
[White "GMG"]
[Black "JoliyRoger"]
[Result "1/2-1/2"]
[WhiteElo "2713"]
[BlackElo "2378"]
[TimeControl "180+1"]
[EndTime "10:07:23 PST"]
[Termination "Game drawn by repetition"]

1. Nf3 Nf6 2. g3 c5 3. c4 Nc6 4. Bg2 e6 5. O-O Be7 6. Nc3 O-O 7. d4 cxd4 8. Nxd4 Ne5 9. b3 d6 10. Bb2 a6 11. Nc2 Qc7 12. Rc1 Rb8 13. Ne3 Re8 14. h3 b6 15. Qd2 Bb7 16. Rfd1 h6 17. Ba3 Red8 18. f4 Ng6 19. h4 Bxg2 20. Nxg2 Qb7 21. Qe3 b5 22. cxb5 axb5 23. Bb4 d5 24. Bxe7 Nxe7 25.
a4 bxa4 26. bxa4 Ng4 27. Qc5 Rdc8 28. Qa5 Ra8 29. Qb5 Qa7+ 30. e3 Nxe3 31. Re1 Ng4+ 32. Kh1 Nf5 33. Ne2 Qf2 34. Qb7 Nxg3+ 35. Nxg3 Qxg3 36.
Rxc8+ Kh7 37. Kg1 Qf2+ 38. Kh1 Qg3 39. Kg1 Qf2+ 40. Kh1 Qg3 1/2-1/2

[Event "*** Titled Tuesday Blitz"]
[Site "Chess.com"]
[Date "2020.11.03"]
[Round "1"]
[White "profofchess"]
[Black "MarcoRiehle"]
[Result "0-1"]
[WhiteElo "2365"]
[BlackElo "2713"]
[TimeControl "180+1"]
[EndTime "10:07:23 PST"]
[Termination "MarcoRiehle won on time"]

1. e4 e5 2. Nf3 Nf6 3. Nc3 Nc6 4. Bb5 Bc5 5. Nxe5 Nxe5 6. d4 Bd6 7. f4 Nc6 8. e5 Bb4 9. exf6 Qxf6 10.
Be3 O-O 11. O-O Bxc3 12. bxc3 a6 13. Bd3 Re8 14. Qf3 d5 15. f5 Bd7 16. Qg3 h6 17. Bf4 Re7 18. Bxc7 Rae8 19. Bf4 b5 20. h4 Na5 21. Be5 Rxe5 22. dxe5 Rxe5 23. Rae1 Rxe1 24. Qxe1 Nc6 25. g3 Qd6 26. Qe3 f6 27. Kh2 Ne5 28. Qf4 Bc6 29. Qb4 Qc7 30. Qc5 h5 31. Kh3 Qd7 32.
Rf4 Kh7 33. Be2 Qe8 34. Qd4 Bd7 35. Kh2 Nc6 36. Qd1 Qe3 37. Bxh5 Ne5 38. Bg6+ Kg8 39.
Qh5 Qxc3 40. Qh7+ Kf8 41. Qh8+ Ke7 42. Qxg7+ Kd6 43. Qxf6+ Kc7 44. Qxa6 Qxc2+ 45. Kh3 Qc1 46. Qa5+ Kb7 47. Kh2 Qc2+ 48. Kh3 Nxg6 0-1

[Event "*** Titled Tuesday Blitz"]
[Site "Chess.com"]
[Date "2020.11.03"]
[Round "1"]
[White "asms9699"]
[Black "glebus008"]
[Result "0-1"]
[WhiteElo "2579"]
[BlackElo "2314"]
[TimeControl "180+1"]
[EndTime "10:07:24 PST"]
[Termination "glebus008 won by checkmate"]

1. c4 e6 2. g3 d5 3. Bg2 Nf6 4. Nf3 Be7 5. O-O O-O 6. b3 c5 7. Bb2 d4 8. e3 Nc6 9. exd4 cxd4 10.
Re1 Ne8 11. Ne5 Nxe5 12. Rxe5 f6 13. Re1 e5 14. d3 Qc7 15. Nd2 Bd7 16. f4 Bc6 17.
Bxc6 bxc6 18. Qf3 Bb4 19. Re2 Bxd2 20. Rxd2 Nd6 21. Ba3 Qa5 22. Bxd6 Qxd2 23. Bxf8 Rxf8 24. Rf1 exf4 25. gxf4 Qxa2 26. Qxc6 Qxb3 27. Qd5+ Kh8 28. Qxd4 a5 29. Qc5 Rd8 30. Qxa5 Qxd3 31. c5 h6 32. c6 Qe3+ 33. Rf2 Rd1+ 34. Kg2 Qe4+ 35. Kh3 Rd3+ 36. Kh4 g5+ 37. Kh5 Rh3+ 38. Kg4 Qe6+ 39. f5 Rh4+ 40. Kg3 Qd6+ 41. Kg2 Rxh2+ 42. Kg1 Qg3+ 43.
Kf1 Qxf2# 0-1

[Event "*** Titled Tuesday Blitz"]
[Site "Chess.com"]
[Date "2020.11.03"]
[Round "1"]
[White "Alindsay211"]
[Black "Chopper1905"]
[Result "0-1"]
[WhiteElo "2456"]
[BlackElo "2920"]
[TimeControl "180+1"]
[EndTime "10:07:25 PST"]
[Termination "Chopper1905 won by resignation"]

1. c4 c6 2. Nc3 d5 3. cxd5 cxd5 4. d4 Nc6 5. g3 Bf5 6. Bg2 e6 7. e3 Nf6 8. Nge2 Bd6 9. O-O O-O 10. f3 Bg6 11. e4 dxe4 12. fxe4 e5 13. d5 Nd4 14. Nxd4 exd4 15. Qxd4 Rc8 16. Kh1 Ng4 17. Bf4 Bc5 18. Qd2 Re8 19. h3 Ne5 20. Bxe5 Rxe5 21. Rad1 a6 22.
Qf4 Bd6 23. Qf2 h5 24. Bf3 Rg5 25. Rg1 Qd7 26. h4 Re5 27. Qh2 b5 28. Rg2 b4 29. Ne2 Rxe4 30. Bxe4 Bxe4 31. Nf4 Bxf4 32. gxf4 Rc2 33. Rg1 Qxd5 34. Qh3 Rxb2 35. Qc8+ Kh7 36. Qc2 Rxc2 37. Kh2 Bxg2 0-1

[Event "*** Titled Tuesday Blitz"]
[Site "Chess.com"]
[Date "2020.11.03"]
[Round "1"]
[White "oneshot007"]
[Black "xberli"]
[Result "0-1"]
[WhiteElo "2208"]
[BlackElo "2549"]
[TimeControl "180+1"]
[EndTime "10:07:25 PST"]
[Termination "xberli won by resignation"]

1. e4 c5 2. Nf3 d6 3. d4 cxd4 4. Nxd4 Nf6 5. Nc3 a6 6. Be3 e5 7. Nf3 Be7 8. Bc4 O-O 9. Bb3 Be6 10. Bxe6 fxe6 11. O-O Nc6 12. Qe2 d5 13. Rfd1 d4 14.
Bg5 Kh8 15. Bxf6 Bxf6 16. Qc4 Qe7 17. Na4 Rac8 18. Nb6 Rc7 19. c3 Qd6 20. Qa4 Qc5 21.
Qb3 Bd8 22. Na4 Qe7 23. cxd4 exd4 24. Nxd4 Nxd4 25. Rxd4 Qf6 26. Rd2 Rd7 27. Rad1 Rxd2 28. Rxd2 b5 29. Nc3 Bb6 30. Nd1 h6 31. Qd3 Bc5 32.
Kf1 Qe5 33. g3 Qh5 34. Kg2 Be7 35. f3 Bf6 36. Rc2 Qe8 37. Ne3 a5 38. Ng4 b4 39. e5 Be7 40. f4 Qa8+ 41. Qf3 Qd8 42. Nf2 a4 43. Qg4 b3 44. axb3 axb3 45. Re2 Qd5+ 46. Qf3 Qb5 47. Ne4 Rc8 48. Nc3 Rxc3 49. Rc2 Rxc2+ 0-1

[Event "*** Titled Tuesday Blitz"]
[Site "Chess.com"]
[Date "2020.11.03"]
[Round "1"]
[White "ViktoriyaTarasova"]
[Black "nocnypako"]
[Result "0-1"]
[WhiteElo "2252"]
[BlackElo "2575"]
[TimeControl "180+1"]
[EndTime "10:07:27 PST"]
[Termination "nocnypako won by resignation"]

1. d4 Nf6 2. c4 g6 3. Nc3 d5 4.
cxd5 Nxd5 5. g3 Bg7 6. Bg2 Nb6 7. Nf3 Nc6 8. e3 O-O 9. O-O Re8 10. Re1 a5 11. d5 Nb4 12. e4 e6 13. a3 Na6 14.
Bg5 f6 15. Be3 Nc4 16. Bc1 exd5 17. exd5 Rxe1+ 18. Nxe1 Bd7 19. Qb3 Nd6 20. Be3 b5 21. Nd3 a4 22. Qc2 Nc4 23. Bf4 Bf5 24. Nxb5 Nxb2 25.
Qxb2 Bxd3 26. Nd4 f5 27. Be3 Be4 28. Bxe4 fxe4 29. Qa2 Nc5 30. Rd1 Kh8 31. Nc6 Qd6 32. Bf4 Qd7 33. Qc2 Nd3 34. Qc4 Nxf4 35. Qxe4 Nh3+ 36.
Kg2 Ng5 37. Qe7 Qxe7 38. Nxe7 Rd8 39. Nc6 Rd6 40. Nb4 h5 41. Rd3 Ne4 42. f3 Nc5 43.
Re3 Bd4 44. Re8+ Kg7 45. Re7+ Kf6 46. Rxc7 Nb3 47. Rc4 Bc5 48. Nc2 Rxd5 0-1

[Event "*** Titled Tuesday Blitz"]
[Site "Chess.com"]
[Date "2020.11.03"]
[Round "1"]
[White "albi1999"]
[Black "ZverevLev"]
[Result "1-0"]
[WhiteElo "2572"]
[BlackElo "2239"]
[TimeControl "180+1"]
[EndTime "10:07:27 PST"]
[Termination "albi1999 won on time"]

1. d4 Nf6 2. c4 e6 3. Nf3 d5 4. g3 c6 5. Bg2 Be7 6. Qc2 O-O 7. O-O b6 8. Rd1 Bb7 9. b3 b5 10. Nbd2 Nbd7 11. Bb2 dxc4 12. bxc4 Nb6 13. Ne5 Rc8 14. Rac1 bxc4 15. Ndxc4 Nbd5 16. Qb3 Ba8 17. e4 Nb6 18. Na5 Qe8 19. Ba3 Bxa3 20. Qxa3 h6 21. Rc2 Rc7 22. Rdc1 Qe7 23. Qxe7 Rxe7 24. Nexc6 Rd7 25. Nb3 Kh7 26.
f3 Bb7 27. Ne5 Re7 28. Rc7 Rxc7 29. Rxc7 Ba6 30. Rxa7 Be2 31. Rxf7 Rc8 32. Rb7 Na4 33. Rb4 Nb2 34. Nc5 Nd1 35. a4 Ra8 36. h4 h5 37.
Nxe6 Rc8 38. Nc5 Ra8 39. d5 Rc8 40. Ned3 Nd7 41. Nxd7 Bxd3 42. Ne5 Be2 43. a5 Rc1 44. Kh2 Ne3 45. Rb2 Ba6 46. Rd2 Ra1 47. d6 1-0

[Event "*** Titled Tuesday Blitz"]
[Site "Chess.com"]
[Date "2020.11.03"]
[Round "1"]
[White "RD4ever"]
[Black "Superfelix"]
[Result "1-0"]
[WhiteElo "2848"]
[BlackElo "2422"]
[TimeControl "180+1"]
[EndTime "10:07:28 PST"]
[Termination "RD4ever won by resignation"]

1. d4 g6 2. e4 c6 3. Nc3 d5 4. f3 Bg7 5. Be3 e6 6. Qd2 h5 7.
O-O-O b5 8. Kb1 Nd7 9. Nh3 Nb6 10.
Bg5 Ne7 11. exd5 Nbxd5 12. Ne4 Rb8 13. Nf4 f6 14. Nxd5 Nxd5 15. Bh4 Bh6 16. Qe1 Kf7 17. Bd3 b4 18. Bc4 Re8 19. Bxd5 exd5 20. Qg3 dxe4 21. Qxb8 e3 22. Qxb4 Be6 23. Rhe1 Qd5 24. b3 Bf5 25. Re2 Bf4 26. Bg3 Bh6 27. Kb2 a5 28. Qc5 Qd7 29. Qxa5 Bf8 30. Qc7 Qxc7 31. Bxc7 Rc8 32. Bf4 c5 33.
dxc5 Bxc5 34. c4 Re8 35. Kc3 g5 36. Bd6 Ba7 37. c5 g4 38. Rde1 gxf3 39. gxf3 Rc8 40.
b4 Be6 41. Rxe3 Re8 42. f4 f5 43. Rxe6 Rxe6 44. Rxe6 Kxe6 45. Kd4 Bb8 46. Bxb8 1-0

[Event "*** Titled Tuesday Blitz"]
[Site "Chess.com"]
[Date "2020.11.03"]
[Round "1"]
[White "Rud_Makarian"]
[Black "JoachimMouhamad"]
[Result "1-0"]
[WhiteElo "2781"]
[BlackElo "2392"]
[TimeControl "180+1"]
[EndTime "10:07:28 PST"]
[Termination "Rud_Makarian won by resignation"]

1. d4 Nf6 2. c4 g6 3. Nc3 d5 4.
Bf4 Bg7 5. e3 O-O 6. Rc1 c5 7.
dxc5 Qa5 8. cxd5 Ne4 9. Ne2 Na6 10. a3 Nxc3 11. Nxc3 Nxc5 12. Be2 Ne4 13. O-O Nxc3 14. bxc3 Qxa3 15. c4 Qc5 16. e4 Bd4 17. Qd2 e5 18.
Bh6 Re8 19. Kh1 a5 20. Qg5 Qe7 21. Qxe7 Rxe7 22. c5 Rc7 23. Be3 Bxe3 24. fxe3 Bd7 25. Rc3 a4 26. Ra1 Ra5 27. Rac1 a3 28. Kg1 a2 29. Ra1 Rcxc5 30. Rxc5 Rxc5 31. Rxa2 Bb5 32. Kf2 Bxe2 33. Kxe2 Kf8 34. Rb2 Rc7 35. Kd3 Ke7 36.
g4 h5 37. g5 Kd7 38. h4 Kc8 39. Rc2 Rxc2 40. Kxc2 Kd7 41. Kc3 Kd6 42. Kc4 Ke7 43. Kc5 f6 44. d6+ Ke6 45. gxf6 Kxf6 46. Kb6 g5 47. d7 gxh4 48. d8=Q+ 1-0

[Event "*** Titled Tuesday Blitz"]
[Site "Chess.com"]
[Date "2020.11.03"]
[Round "1"]
[White "KingCrusher275"]
[Black "SophieNikoladze"]
[Result "1-0"]
[WhiteElo "2596"]
[BlackElo "2283"]
[TimeControl "180+1"]
[EndTime "10:07:28 PST"]
[Termination "KingCrusher275 won on time"]

1. d4 b5 2. e4 Bb7 3. Nd2 a6 4. Bd3 e6 5. Ngf3 c5 6. c3 d5 7.
e5 Nc6 8. Nf1 Qb6 9. Be3 f5 10.
exf6 gxf6 11. N1d2 O-O-O 12. O-O Bd6 13. Qe2 Nge7 14. dxc5 Bxc5 15. Bxc5 Qxc5 16. Qxe6+ Kb8 17. Nb3 Qb6 18. Nbd4 Rhg8 19. Nxc6+ Nxc6 20. Nd4 Qc7 21. Rfe1 Nxd4 22. cxd4 Qg7 23. g3 Qh6 24. a4 Qd2 25. Red1 Qxb2 26. axb5 axb5 27. Qb6 Rd7 28. Ra7 Qb3 29.
Rda1 Qa4 30. R1xa4 bxa4 31. Rxa4 Rc8 32. Bb5 Rdc7 33.
Ba6 Rc1+ 34. Kg2 R8c7 35. Bxb7 Rxb7 36. Qd6+ Rcc7 37. Ra6 Rb2 38. Rc6 Rb7 39. Rxc7 Rxc7 40. Qxd5 Kc8 41. Qe6+ Kb8 42. d5 Rb7 43. d6 Ka7 44. d7 1-0

[Event "*** Titled Tuesday Blitz"]
[Site "Chess.com"]
[Date "2020.11.03"]
[Round "1"]
[White "DonBroca"]
[Black "Vladislav_Chizhikov"]
[Result "0-1"]
[WhiteElo "2084"]
[BlackElo "2505"]
[TimeControl "180+1"]
[EndTime "10:07:28 PST"]
[Termination "Vladislav_Chizhikov won on time"]

1. e4 g6 2. c4 c5 3. Nf3 Nc6 4. d4 cxd4 5. Nxd4 Bg7 6. Be3 Nf6 7. Nc3 O-O 8. Be2 d6 9. Qd2 Bd7 10. O-O Rc8 11. f3 Nxd4 12. Bxd4 a6 13. Rac1 Be6 14.
Nd5 Bxd5 15. cxd5 Qd7 16. Rxc8 Rxc8 17. Rc1 h5 18. Rxc8+ Qxc8 19. Qc3 Qxc3 20. Bxc3 Nd7 21. Bxg7 Kxg7 22. Kf2 f5 23. Ke3 Kf6 24. h4 fxe4 25. fxe4 Ke5 26. b4 Nf6 27. Bf3 Ne8 28. g4 hxg4 29.
Bxg4 Nc7 30. Be2 b6 31. h5 gxh5 32. Bxh5 a5 33. bxa5 bxa5 34. Be2 Ne8 35. Bb5 Nf6 36.
Bd3 Ng4+ 37. Kf3 Kd4 38. Kxg4 Kxd3 39. Kf5 a4 40. a3 Kd4 41. Kf4 Kc3 42. Kf5 Kd4 43.
Kf4 Kd3 44. Kf5 Ke3 45. e5 Kd4 46. exd6 exd6 0-1

[Event "*** Titled Tuesday Blitz"]
[Site "Chess.com"]
[Date "2020.11.03"]
[Round "1"]
[White "Morshynska"]
[Black "Yashasd1995"]
[Result "1-0"]
[WhiteElo "2241"]
[BlackElo "2542"]
[TimeControl "180+1"]
[EndTime "10:07:29 PST"]
[Termination "Morshynska won on time"]

1. Nf3 Nf6 2. g3 d5 3. Bg2 Nbd7 4. d4 e6 5. O-O Be7 6. b3 O-O 7. Bb2 b6 8. c4 c6 9. Nbd2 a5 10.
a3 Ba6 11. Rc1 Rc8 12. Re1 c5 13. e3 b5 14. cxd5 Nxd5 15. dxc5 Nxc5 16. Bf1 Qb6 17.
Ne5 Rfd8 18. Nd3 Nxd3 19. Bxd3 Rxc1 20. Qxc1 h6 21. Nf3 Bb7 22. Bb1 Rc8 23. Qd2 Nf6 24.
e4 Rd8 25. Qc2 Ng4 26. Kg2 h5 27. h3 Nh6 28. Qe2 Bf8 29. Kh2 b4 30. a4 Ba6 31.
Qc2 Rc8 32. Qd2 Qc5 33. Ne5 Qb6 34. Nf3 f6 35. Nh4 Nf7 36. Ng6 e5 37. Qd1 1-0

[Event "*** Titled Tuesday Blitz"]
[Site "Chess.com"]
[Date "2020.11.03"]
[Round "1"]
[White "NefeLV"]
[Black "petrkostenko"]
[Result "0-1"]
[WhiteElo "1746"]
[BlackElo "2474"]
[TimeControl "180+1"]
[EndTime "10:07:31 PST"]
[Termination "petrkostenko won on time"]

1. c4 e6 2. d4 b6 3. Nf3 Bb7 4. Nc3 Nf6 5. e3 g6 6. Be2 Bg7 7. O-O O-O 8. b3 c5 9. Bb2 cxd4 10. exd4 d5 11. Rc1 Nc6 12. Re1 Re8 13. Ne5 dxc4 14. bxc4 Nxd4 15. Nb5 Nxe2+ 16. Rxe2 Ne4 17. f3 a6 18. Na3 Nc5 19. Nc2 Qc7 20. f4 Rad8 21.
Qf1 Ba8 22. Nd4 Ne4 23. Ndf3 Qc5+ 24. Kh1 Nf6 25. Ng5 Re7 26. a3 Qc8 27. Rec2 Nh5 28. Re2 h6 29. Ngf3 Nf6 30. Qf2 Qc7 31.
Qg3 Ne4 32. Qh4 Ree8 33. Ba1 b5 34. Qg4 Kh7 35. h4 Nf6 36. Qh3 Nh5 0-1

[Event "*** Titled Tuesday Blitz"]
[Site "Chess.com"]
[Date "2020.11.03"]
[Round "1"]
[White "fabianvivasz"]
[Black "DenLaz"]
[Result "0-1"]
[WhiteElo "2380"]
[BlackElo "2745"]
[TimeControl "180+1"]
[EndTime "10:07:32 PST"]
[Termination "DenLaz won on time"]

1. e4 e5 2. Nf3 Nc6 3. d4 exd4 4. Bc4 Nf6 5. e5 d5 6. Bb5 Ne4 7. Nxd4 Bd7 8. Bxc6 bxc6 9. O-O Bc5 10. f3 Ng5 11. f4 Ne4 12. Be3 Bb6 13. Nd2 Nxd2 14. Qxd2 c5 15. Ne2 d4 16. Bf2 Bc6 17. f5 Qc8 18. Qg5 Qd7 19. Bh4 Kf8 20. f6 Rg8 21. Nf4 gxf6 22. Qxf6 d3 23. e6 Qd4+ 24. Qxd4 cxd4 25.
cxd3 Rg4 26. g3 Bc5 27. exf7 Kxf7 28. Rae1 Kg8 29. Nh5 Rg6 30. Nf6+ Kh8 31. Ne4 Bxe4 32. Rxe4 Kg7 0-1